 Dungeon Crawl Stone Soup version 0.29.1-12-g30fa7ad0bf (webtiles) character file.

Game seed: 4113234178706606040

2 rakiston the Caller (level 1, 0/13 HPs)
             Began as a Merfolk Summoner on Jan 13, 2023.
             Slain by a jackal (1 damage)
             ... on level 1 of the Dungeon.
             The game lasted 00:03:30 (272 turns).

rakiston the Caller (Merfolk Summoner)               Turns: 272, Time: 00:03:30

Health: 0/13       AC:  2    Str:  8    XL:     1   Next: 30%
Magic:  0/3        EV: 12    Int: 14    God:
Gold:   11         SH:  0    Dex: 14    Spells: 3/4 levels left

rFire   . . .      SeeInvis .   (no weapon)
rCold   . . .      Faith    .   (no shield)
rNeg    . . .      Spirit   .   a - +0 robe
rPois   .          Reflect  .   (no helmet)
rElec   .          Harm     .   (no cloak)
rCorr   .          Rampage  .   (no gloves)
Will    .....                   (no boots)
Stlth   ++........              (no amulet)
HPRegen 0.04/turn               (no ring)
MPRegen 0.08/turn               (no ring)

@: no status effects
A: (nimble swimmer 2), mertail
a: no special abilities


You were on level 1 of the Dungeon.
You visited 1 branch of the dungeon, and saw 1 of its levels.

You collected 11 gold pieces.

Inventory:

Armour
 a - a +0 robe (worn)
Potions
 b - a potion of magic


   Skills:
 + Level 2.7 Dodging
 + Level 2.2 Stealth
 + Level 2.0 Spellcasting
 + Level 4.1 Summonings


You had 3 spell levels left.
You knew the following spells:

 Your Spells              Type           Power      Damage    Failure   Level
a - Summon Small Mammal   Summ           48%        N/A       4%          1

Your spell library contained the following spells:

 Spells                   Type           Power      Damage    Failure   Level
 Call Imp                 Summ           12%        N/A       7%          2
 Call Canine Familiar     Summ           12%        N/A       13%         3
 Summon Guardian Golem    Hex/Summ       7%         N/A       30%         3
 Summon Lightning Spire   Summ/Air       7%         N/A       71%         4


Dungeon Overview and Level Annotations

Branches:
Dungeon (1/15)

Altars:


Innate Abilities, Weirdness & Mutations

((You are very nimble when in or above water. (Stealth+, EV+, Speed+++)))
Your lower body shifts to a powerful aquatic tail in water.


Message History

The jackal barely misses you.
Casting: Summon Small Mammal (safe; 4% risk of failure)
Confirm with . or Enter, or press ? or * to list all spells.
Your quokka bites the jackal but does no damage.
The jackal barely misses you. The jackal attacks as you move away!
The jackal closely misses you.
Your quokka bites the jackal.
You hit the jackal but do no damage. The jackal bites your quokka.
Your quokka bites the jackal.
The jackal barely misses you. The jackal closely misses your quokka.
The jackal bites you.
Your quokka barely misses the jackal.
The jackal bites your quokka.
Your quokka dies!
Your quokka's corpse disappears in a puff of smoke!
The jackal barks!
The jackal attacks as you move away! The jackal barely misses you.
The jackal attacks as you move away! The jackal bites you.
The jackal barely misses you.
You see here 5 gold pieces.
Casting: Summon Small Mammal (safe; 4% risk of failure)
Confirm with . or Enter, or press ? or * to list all spells.
Okay, then.
The jackal closely misses you. The jackal bites you.
The jackal closely misses you. The jackal attacks as you move away!
The jackal misses you.
Found a metallic black potion.
The jackal closely misses you. x2
The jackal misses you.
You open the door.
The jackal barely misses you. x2; The jackal bites you.
The jackal bites you but does no damage.
There is an open door here.
You barely miss the jackal. The jackal misses you.
Okay, then.
Casting: Summon Small Mammal (safe; 4% risk of failure)
Confirm with . or Enter, or press ? or * to list all spells.
The jackal misses you. The jackal bites you.
* * * LOW HITPOINT WARNING * * *
Your bat hits the jackal. The jackal completely misses you.
Your bat barely misses the jackal.
The jackal attacks as you move away! The jackal bites you.
You die...

...............#.#
...............#.#
...........$.....#
..!........###.####
..................#
.......l...##..##.#
.....##.#####.###.#
.....##h####..# #.#
........hh@..## #.#
............## #.#
......b.....# #.#
#...........# #.#
............# #.#
......#..#### #.#
..........>... #.#
............. #.#
............ #.#


You could see 3 jackals and a friendly bat (summoned).

Vanquished Creatures (collateral kills)
  2 bats (D:1)
2 creatures vanquished.

Vanquished Creatures (others)
  5 toadstools (D:1)
5 creatures vanquished.

Grand Total: 7 creatures vanquished

Notes
Turn   | Place    | Note
-------+----------+-------------------------------------------
     0 | D:1      | rakiston the Merfolk Summoner began the quest for the Orb.
     0 | D:1      | Reached XP level 1. HP: 13/13 MP: 3/3
   272 | D:1      | Slain by a jackal

Illustrated notes

Levels and vault maps discovered:
D:1:      ldierk_walled_garden, layout_basic

Action                   || total
-------------------------++-------
Melee: Unarmed           ||     7
 Cast: Summon Small Mamm ||    10
Armor: Robe              ||    12
Dodge: Dodged            ||    36
